 Dungeon Crawl Stone Soup version 0.14-a0-1168-gf5005bf (webtiles) character file.

137 PolkaDot the Ruinous (level 3, 0/24 HPs)
             Began as a Vampire Conjurer on Nov 29, 2013.
             Slain by a gnoll
             ... wielding a +0,+0 halberd
              (8 damage)
             ... on Level 1 of the Dungeon.
             The game lasted 00:06:40 (1123 turns).

PolkaDot the Ruinous (Vampire Conjurer)             Turns: 1123, Time: 00:06:40

HP   0/24        AC  2     Str  7      XL: 3   Next: 48%
MP   3/6         EV 12     Int 18      God:
Gold 90          SH  0     Dex 14      Spells:  2 memorised,  1 level left

rFire  . . .     SeeInvis +     l - -2,+1 dwarf dagger (curse)
rCold  . . .     Clarity  .     a - +0 robe
rNeg   . . .     Conserve .     (no shield)
rPois  .         rCorr    .     (no helmet)
rElec  .         rRot     .     (no cloak)
SustAb . .       Spirit   .     (no gloves)
rMut   .         Warding  .     (no boots)
Saprov . . .     Stasis   .     (no amulet)
                                (no ring)
                                (no ring)

@: regenerating quickly, very slightly contaminated, slightly resistant to
hostile enchantments, stealthy
A: fangs 3, see invisible, unbreathing
a: no special abilities


You were on level 1 of the Dungeon.
You were very full.

You visited 1 branch of the dungeon, and saw 2 of its levels.

You collected 90 gold pieces.

Inventory:

Hand weapons
 k - a +0,+0 spear
 l - a cursed -2,+1 dwarven dagger (weapon)
Armour
 a - a +0 robe (worn)
Scrolls
 b - 2 scrolls of teleportation {unknown}
 d - a scroll of enchant armour {unknown}
 f - 3 scrolls of identify {unknown}
 i - a scroll of curse jewellery {unknown}
 j - a scroll of fear {unknown}
 m - a scroll of blinking {unknown}
Potions
 g - 2 potions of curing
Books
 c - a book of Conjurations

   Spells                             Type                      Level
   *Magic Dart                        Conjuration                  1
   *Searing Ray                       Conjuration                  2
   Dazzling Spray                     Conjuration/Hexes            3
   Iskenderun's Mystic Blast          Conjuration                  4
   Iskenderun's Battlesphere          Conjuration/Charms           4
   Fulminant Prism                    Conjuration/Hexes            5


   Skills:
 - Level 2.1 Dodging
 - Level 3.0 Stealth
 - Level 1.0 Spellcasting
 * Level 4.0 Conjurations


You had one spell level left.
You knew the following spells:

 Your Spells              Type           Power        Failure   Level  Hunger
a - Magic Dart            Conj           ###.         4%          1    ##.....
s - Searing Ray           Conj           ###...       8%          2    ###....


Dungeon Overview and Level Annotations

Branches:
Dungeon (2/16)

Altars:

Annotations:
D:2 Terence


Innate Abilities, Weirdness & Mutations

Your natural rate of healing is unusually fast.
You have razor-sharp teeth.*
You have supernaturally acute eyesight.
You can survive without breathing.*


Message History

Terence screams, "I'm going to kill you!"
There is a stone staircase leading up here.
You climb upwards.
There is a stone staircase leading down here.
Your extra speed is starting to run out.
You feel yourself slow down.
Magic restored.
The gnoll is too close now for your liking.
Casting: Searing Ray
Confirm with . or Enter, or press ? or * to list all spells.
Aiming: Searing Ray
Press: ? - help, Shift-Dir - straight line, f - gnoll
Aim: a gnoll, wielding a halberd (hasn't noticed you)
The searing ray hits the gnoll.
The gnoll is heavily wounded.
The gnoll hits you from afar with a halberd.
The searing ray hits the gnoll.
The gnoll is heavily wounded.
The gnoll hits you from afar with a halberd!
You die...

##.#........# #.#
#..#........# #.#
#.##........# #>#
#.##.##...### #.#
..........# #.#
..#####...# #.#
....# ###########g#
....# #.....##.#
###.######.###..@.#
# #..).....# #.####
###.####.#.###.#
....# #.#.....# .
....# ##.#######
#.. ##### #...# #.#
# #...# #.##. #####
#...# #... ....#
#...# ####.######


You could see a gnoll.

Vanquished Creatures
  2 adders (D:2)
  2 giant geckos (D:2)
  An ooze (D:1)
  4 bats (D:1)
  2 giant cockroaches (D:1)
  A hobgoblin (D:1)
  4 kobolds
  2 giant newts (D:1)
  4 goblins
  5 rats
27 creatures vanquished.

Vanquished Creatures (others)
  5 toadstools (D:1)
5 creatures vanquished.

Grand Total: 32 creatures vanquished

Notes
Turn   | Place    | Note
--------------------------------------------------------------
     0 | D:1      | PolkaDot, the Vampire Conjurer, began the quest for the Orb.
     0 | D:1      | Reached XP level 1. HP: 13/13 MP: 4/4
   208 | D:1      | Reached XP level 2. HP: 17/19 MP: 0/5
   752 | D:2      | Learned a level 2 spell: Searing Ray
   842 | D:2      | Reached XP level 3. HP: 22/24 MP: 1/6
   956 | D:2      | Reached skill level 4 in Conjurations
  1014 | D:2      | Noticed Terence
  1123 | D:1      | Slain by a gnoll

Action                   || total
-------------------------++-------
Melee: Unarmed           ||     4
       Dagger            ||    48
       Spear             ||    13
 Cast: Magic Dart        ||    29
       Searing Ray       ||     4
  Use: Potion            ||     4
 Stab: Sleeping          ||     1
